 Dungeon Crawl Stone Soup version 0.32-a0-616-g9348d4545b (webtiles) character file.

Game seed: 1950752764962614182

838 miscthings the Apothecary (level 7, -3/46 HPs)
             Began as a Coglin Alchemist on Mar 6, 2024.
             Was an Initiate of Gozag.
             Slain by a black bear (5 damage)
             ... on level 5 of the Dungeon.
             The game lasted 00:06:16 (2438 turns).

miscthings the Apothecary (Coglin Alchemist)        Turns: 2438, Time: 00:06:16

Health: -3/46      AC:  1    Str:  8    XL:     7   Next: 99%
Magic:  2/12       EV: 12    Int: 16    God:    Gozag
Gold:   119        SH:  0    Dex: 15    Spells: 3/13 levels left

rFire   . . .        e - +1 dagger (elec) {Yongsun}
rCold   . . .        k - +0 double sword {Hrodulf}
rNeg    . . .        a - +0 robe
rPois   .            (no helmet)
rElec   .            o - +0 cloak
rCorr   .            i - +1 pair of gloves
SInv    .            (no boots)
Will    .....        (amulet unavailable)
Stlth   ++           (ring unavailable)
HPRegen 0.27/turn    (ring unavailable)
MPRegen 0.13/turn    (no gizmo)

%: no passive effects
@: corroded, gold aura, revved
A: off-hand wielding, slow wielding, warmup strikes, no jewellery
a: Invent Gizmo, Renounce Religion, Potion Petition, Call Merchant, Bribe Branch


You were on level 5 of the Dungeon.
You worshipped Gozag.
Gozag was aware of your devotion.
You visited 1 branch of the dungeon, and saw 5 of its levels.

You collected 227 gold pieces.
You paid 108 gold pieces to Gozag.

Inventory:

Hand Weapons
 e - a +1 dagger of electrocution (weapon) {Yongsun}
 k - a +0 double sword (offhand) {Hrodulf}
 l - a +0 sling
Missiles
 m - a throwing net
Armour
 a - a +0 robe (worn)
 i - a +1 pair of gloves (worn)
 n - a scarf of invisibility
 o - a +0 cloak (worn)
 q - a +0 kite shield
Wands
 u - a wand of mindburst (8)
Scrolls
 d - 2 scrolls of fog {unknown}
 g - 3 scrolls of immolation
 v - a scroll of fear
 w - a scroll of enchant weapon {unknown}
Potions
 b - 3 potions of magic
 c - a potion of berserk rage {unknown}
 f - a potion of heal wounds {unknown}
 h - a potion of lignification {unknown}
 j - 3 potions of curing
 p - a potion of ambrosia {unknown}
 r - a potion of might {unknown}
 s - 3 potions of enlightenment
 t - a potion of resistance {unknown}
 x - a potion of cancellation {unknown}


   Skills:
 - Level 1.7 Dodging
 - Level 1.5 Stealth
 + Level 3.9 Spellcasting
 + Level 3.9 Conjurations
 * Level 7.5 Alchemy


You had 3 spell levels left.
You knew the following spells:

 Your Spells              Type           Power      Damage    Failure   Level
a - Sting                 Conj/Alch      84%        1d8       1%          1
b - Mercury Vapours       Alch/Air       30%        N/A       5%          2
c - Mephitic Cloud        Conj/Alch/Air  15%        N/A       11%         3
d - Olgreb's Toxic Radia  Alch           27%        N/A       8%          4

Your spell library contained the following spells:

 Spells                   Type           Power      Damage    Failure   Level
 Momentum Strike          Conj/Tloc      18%        3d8       12%         2
 Blink                    Tloc           6%         N/A       26%         2
 Lesser Beckoning         Tloc           6%         N/A       26%         2
 Sticky Flame             Fire/Alch      15%        2d5       34%         4


Dungeon Overview and Level Annotations

Branches:
Dungeon (5/15)
 Temple: D:4-7

Altars:
Ashenzari
Gozag
Sif Muna


Innate Abilities, Weirdness & Mutations

You can wield a second weapon in your off-hand.
It takes a long time for you to wield or remove held weapons.
Your first few attacks do less damage.
You cannot equip rings or amulets.


Message History

The black bear appears confused.
You barely miss Blork the orc with your +0 double sword.
Blork the orc is moderately wounded.
You hit Blork the orc with your +1 dagger of electrocution.
Blork the orc closely misses you.
You hit Blork the orc but do no damage.
Blork the orc is moderately wounded.
You strike the helpless Blork the orc from behind!
You hit Blork the orc with your +1 dagger of electrocution.
Blork the orc is engulfed in noxious fumes.
Blork the orc appears confused.
Blork the orc laughs crazily.
Something bites Blork the orc!
Something claws Blork the orc. x2
Blork the orc is killed!
You now have 119 gold pieces (gained 12).
Okay, then.
The black bear is engulfed in noxious fumes.
You slash the black bear with your +0 double sword!
The black bear is moderately wounded.
You closely miss the black bear with your +1 dagger of electrocution.
The black bear bites you! The black bear misses you. The black bear claws you.
You barely miss the black bear with your +1 dagger of electrocution.
The black bear is moderately wounded.
You closely miss the black bear with your +0 double sword.
The black bear closely misses you. x2; The black bear claws you.
* * * LOW HITPOINT WARNING * * *
Casting: Sting (safe; 1% risk of failure)
Confirm with . or Enter, or press ? or * to list all spells.
Aiming: Sting (safe; 1% risk of failure)
Press: ? - help, Shift-Dir - straight line, f - black bear
Aim: a black bear (moderately wounded, 82% to hit)
The sting hits the black bear.
The black bear is poisoned.
The black bear is heavily wounded.
The black bear bites you!
* * * LOW HITPOINT WARNING * * *
The black bear claws you.
* * * LOW HITPOINT WARNING * * *
The black bear claws you.
You die...
Your body crumbles into a pile of gold.

#..# ####..# .....##
## #.... .### #..# ...
#..# ..# #.#.##..# ..#
........$##########..#
.#.#.###.h@..........#
#. .. ###########...#
#. #. #...# #. #
#########...# #.
............# #.
########.>..# #.
#....#####(
#..........
#...######.


You could see a black bear (poisoned).

Vanquished Creatures
  Grinder (D:5)
  Menkaure (D:4)
  An ice beast (D:5)
  2 black bears
  Blork the orc (D:5)
  A jelly (D:5)
  A sleepcap (D:5)
  2 iguanas (D:5)
  5 adders
  7 orcs
  A ball python (D:2)
  5 endoplasms
  A giant cockroach (D:1)
  2 goblins (D:4)
  6 hobgoblins
  4 kobolds
  4 quokkas
  5 bats
  2 frilled lizards (D:2)
  2 rats
54 creatures vanquished.

Notes
Turn   | Place    | Note
-------+----------+-------------------------------------------
     0 | D:1      | miscthings the Coglin Alchemist began the quest for the
                  | Orb.
     0 | D:1      | Reached XP level 1. HP: 13/13 MP: 3/3
   170 | D:1      | Reached skill level 1 in Conjurations
   355 | D:1      | Reached XP level 2. HP: 19/19 MP: 2/4
   769 | D:2      | Reached skill level 4 in Alchemy
   769 | D:2      | Reached XP level 3. HP: 24/24 MP: 2/6
   779 | D:2      | Learned a level 2 spell: Mercury Vapours
   783 | D:2      | Learned a level 3 spell: Mephitic Cloud
  1089 | D:2      | Reached XP level 4. HP: 13/30 MP: 2/7
  1855 | D:4      | Noticed a black bear
  1862 | D:4      | Killed a black bear
  1863 | D:4      | Reached skill level 5 in Alchemy
  1863 | D:4      | Reached XP level 5. HP: 28/35 MP: 2/9
  1959 | D:4      | Found a broken altar of Ashenzari.
  1961 | D:4      | Noticed Menkaure
  1966 | D:4      | Killed Menkaure
  1967 | D:4      | Reached XP level 6. HP: 41/41 MP: 10/10
  2120 | D:5      | Entered Level 5 of the Dungeon
  2202 | D:5      | Noticed an ice beast
  2207 | D:5      | Noticed Grinder
  2208 | D:5      | Killed an ice beast
  2209 | D:5      | Reached skill level 6 in Alchemy
  2211 | D:5      | Paralysed by Grinder for 2 turns
  2213 | D:5      | Killed Grinder
  2214 | D:5      | Reached XP level 7. HP: 27/46 MP: 5/12
  2292 | D:5      | Found a shimmering blue altar of Sif Muna.
  2308 | D:5      | Found an opulent altar of Gozag.
  2325 | D:5      | Became a worshipper of Gozag Ym Sagoz the Greedy
  2344 | D:5      | Learned a level 4 spell: Olgreb's Toxic Radiance
  2404 | D:5      | Reached skill level 7 in Alchemy
  2415 | D:5      | Noticed Blork the orc
  2431 | D:5      | Killed Blork the orc
  2438 | D:5      | HP: 2/46 [black bear (3)]
  2438 | D:5      | Slain by a black bear

Illustrated notes

Levels and vault maps discovered:
D:1:      co_arrival_random_square_maze, layout_loops_ring
D:2:      layout_basic
D:3:      layout_loops_corners, ebering_ghost_gozag, basic_ecumenical_altar,
          minmay_misc_feat_nine_boxes, glass_columns_a, lemuel_flame_loot_1,
          uniq_terence, uniq_jessica
D:4:      layout_gridville, ashenzari_conservatory_becter, uniq_menkaure
D:5:      layout_loops_ring, mainiacjoe_overflow_catch_the_wave,
          minmay_temple_entry_from_below_a, hangedman_feature_mirror,
          kennysheep_generic_room_8, uniq_blork_the_orc, uniq_grinder

Skill      XL: |  1  2  3  4  5  6  7 |
---------------+----------------------+-----
Conjurations   | 1 2 3 |  3.9
Spellcasting   | 2 3 |  3.9
Alchemy        | 4 5 6 7 |  7.5
Dodging        | |  1.7
Stealth        | |  1.5

Action                     |  1- 3 |  4- 6 |  7- 9 || total
---------------------------+-------+-------+-------++-------
  Melee: Unarmed           |     4 |       |       ||     4
         Short sword       |    13 |     5 |       ||    18
         Double sword      |     9 |    17 |    22 ||    48
         Dagger            |       |    11 |    22 ||    33
   Cast: Sting             |    33 |    32 |     8 ||    73
         Mephitic Cloud    |       |     1 |     1 ||     2
         Olgreb's Toxic Ra |       |       |     1 ||     1
  Evoke: Wand              |       |     1 |       ||     1
    Use: Scroll            |       |     7 |       ||     7
         Potion            |       |     1 |       ||     1
   Stab: Sleeping          |     1 |       |       ||     1
         Confused          |       |     1 |     1 ||     2
 Armour: Robe              |    11 |    16 |    21 ||    48
  Dodge: Dodged            |    14 |    16 |    14 ||    44

Table legend: (Time is in decaauts)
 A = Elapsed time spent in this place.
 B = Non-inter-level travel time spent in this place.
 C = Inter-level travel time spent in this place.
 D = Time resting spent in this place.
 E = Time spent auto-exploring this place.
 F = Levels seen in this place.
 G = Mean time per level.
                   A        B        C        D        E       F      G
               +--------+--------+--------+--------+--------+-----+--------+
         Total |   2450 |   2329 |    121 |     79 |   1636 |   5 |  490.0 |
       Dungeon |   2450 |   2329 |    121 |     79 |   1636 |   5 |  490.0 |
               +--------+--------+--------+--------+--------+-----+--------+

Top non-repeatable levels by time:
     D:1: 685 daAuts
     D:4: 595 daAuts
     D:2: 586 daAuts
     D:5: 325 daAuts
     D:3: 259 daAuts
